 Dungeon Crawl Stone Soup version 0.22.1-5-g62c59d919a (webtiles) character file.

54 Forgol the Sneak (level 3, -2/18 HPs)
             Began as a Spriggan Assassin on Jan 15, 2019.
             Killed by divine providence
             ... invoked by an orc priest
              (15 damage)
             ... on level 3 of the Dungeon.
             The game lasted 00:07:23 (1781 turns).

Forgol the Sneak (Spriggan Assassin)                Turns: 1781, Time: 00:07:23

Health: -2/18      AC:  3    Str:  7    XL:     3   Next: 66%
Magic:  4/4        EV: 17    Int: 12    God:
Gold:   100        SH:  0    Dex: 18    Spells: 2/2 levels left

rFire    . . .     SeeInvis +   h - +0 dagger (venom)
rCold    . . .     Gourm    .   (shield restricted)
rNeg     . . .     Faith    .   c - +0 robe
rPois    .         Spirit   .   (helmet restricted)
rElec    .         Reflect  .   d - +0 cloak
rCorr    .         Harm     .   (gloves unavailable)
MR       .....                  (boots unavailable)
Stlth    ++++......             (no amulet)
HPRegen  0.06/turn              (no ring)
MPRegen  0.09/turn              (no ring)

@: very quick
A: very small, unfitting armour, see invisible, herbivore, speed 3, slow
metabolism 2
a: no special abilities


You were on level 3 of the Dungeon.
You were not hungry.

You visited 1 branch of the dungeon, and saw 3 of its levels.

You collected 100 gold pieces.

Inventory:

Hand Weapons
 a - a +2 dagger
 b - a +0 blowgun
 h - a +0 dagger of venom (weapon)
Missiles
 e - 21 poisoned needles
 f - 2 curare-tipped needles
Armour
 c - a +0 robe (worn)
 d - a +0 cloak (worn)
Jewellery
 i - a cursed ring of attention
 l - an uncursed ring of resist corrosion {unknown}
Scrolls
 j - 2 scrolls of enchant armour {unknown}
Potions
 k - a potion of agility {unknown}
 m - a potion of degeneration {unknown}
 n - a potion of mutation {unknown}
 o - a potion of magic {unknown}
Comestibles
 g - 4 rations


   Skills:
 - Level 1.5 Fighting
 + Level 3.5 Short Blades
 - Level 2.0 Throwing
 + Level 1.8 Dodging
 - Level 7.0 Stealth


You had 2 spell levels left.
You didn't know any spells.
Your spell library was empty.

Dungeon Overview and Level Annotations

Branches:
Dungeon (3/15)

Altars:


Innate Abilities, Weirdness & Mutations

You are very small and have problems with some larger weapons.
You are too small for most types of armour.
You have supernaturally acute eyesight. (SInv)
You are a herbivore.
You cover ground extremely quickly.
You need to consume almost no food.


Message History

An orc priest comes into view. It is wielding a mace.
The orc priest shouts!
You hit the orc priest.
The orc priest is poisoned.
The orc priest is moderately wounded.
The orc shouts!
The kobold shouts!
You hear a shout!
The orc shouts!
You hear a shout!
An orc comes into view. It is wielding a dagger.
The orc priest misses you.
The orc shouts!
You hit the orc priest but do no damage.
The orc priest looks as sick as possible!
The orc priest is moderately wounded.
You hit the orc priest but do no damage.
The orc priest looks as sick as possible!
The orc priest is heavily wounded.
The orc priest hits you with a mace. The orc closely misses you.
The orc priest mumbles some strange prayers to Beogh against you.
Beogh smites you!
Ouch! That really hurt!
You die...

.......####.# ### ....
#)....# #.. #...##.#####
#.# #....### #.#
#####....##########.#
#.##..##............#
####....# ##############
.#....o############
o.o..Ko.@.........#######
##...o###########........
#?.. ######### #.. ##


You could see an orc priest, 3 orcs and a kobold.

Vanquished Creatures
  4 worms
  3 dart slugs
  3 leopard geckos
  3 giant cockroaches
  5 goblins
  3 hobgoblins
  A quokka (D:3)
  5 bats
  A frilled lizard (D:1)
  3 kobolds
  4 rats
35 creatures vanquished.

Notes
Turn   | Place    | Note
-------+----------+-------------------------------------------
     0 | D:1      | Forgol the Spriggan Assassin began the quest for the Orb.
     0 | D:1      | Reached XP level 1. HP: 10/10 MP: 2/2
    54 | D:1      | Reached skill level 6 in Stealth
   289 | D:1      | Reached XP level 2. HP: 14/14 MP: 3/3
   928 | D:2      | Reached XP level 3. HP: 18/18 MP: 4/4
  1432 | D:2      | Reached skill level 7 in Stealth
  1781 | D:3      | Killed from afar by an orc priest

Skill      XL: |  1  2  3 |
---------------+----------+-----
Stealth        | 6 7 |  7.0
Short Blades   | 3 |  3.5
Fighting       | |  1.5
Throwing       | |  2.0
Dodging        | |  1.8

Action                   || total
-------------------------++-------
Melee: Dagger            ||    98
  Use: Scroll            ||     5
 Stab: Sleeping          ||    12
Armor: Robe              ||     8
Dodge: Dodged            ||    50
